Cogmind - Beta 13 @@@ ROGUE MODE // 2024.04.15 @ 01:42:44 Player: Nebula avali Result: Destroyed by G-50 Soldier with Heavy Laser Performance ------------- Evolutions (1) 500 Regions Visited (6) 1200 Robots Destroyed (40) 200 Value Destroyed (1039) 1039 Prototype IDs (23) 460 Alien Tech Used (0) 0 Bonus (292) 292 TOTAL SCORE: 3691 Bonus ------- High Alert Combat Kills 18 Aligned with FarCom 300 Friendly Fire -26 Cogmind --------- Core Integrity 0/400 Matter 185/300 Energy 100/100 System Corruption 2% Temperature Cool (9) Movement Rolling (130) Ox3 Location -8/Mines Parts ------- > --- POWER (1) -------- (None) > --- PROPULSION (4) --- Wheel Armored Wheel > --- UTILITY (2) ------ Huge Storage Unit Chronowheel > --- WEAPON (2) ------- Beam Rifle Mace > --- INVENTORY (25) --- Ion Engine Ion Engine Faulty Heavy Ion Engine Nuclear Core Reinforced Deuterium Engine Fission Core Wheel Wheel Wheel Wheel Wheel Wheel Wheel Wheel Wheel Propulsion Shielding Utility Shielding Hardened Light Armor Plating Grenade Launcher Grenade Launcher Rocket Launcher Rocket Launcher Signal Generator Peak State ------------ > --- POWER ------------ Reinforced Ion Engine > --- PROPULSION ------- Wheel Wheel Compact Wheel Armored Wheel > --- UTILITY ---------- Huge Storage Unit Chronowheel > --- WEAPON ----------- Beam Rifle Mace > --- INVENTORY -------- Ion Engine Ion Engine Heavy Ion Engine Nuclear Core Reinforced Deuterium Engine Fission Core Wheel Wheel Wheel Wheel Wheel Wheel Wheel Wheel Wheel Propulsion Shielding Utility Shielding Hardened Light Armor Plating Grenade Launcher Grenade Launcher Rocket Launcher Rocket Launcher Signal Generator [Rating: 29] Favorites ----------- Power Reinforced Ion Engine Engine Reinforced Ion Engine Power Core Light Nuclear Core Propulsion Wheel Treads Light Treads Leg Aluminum Leg Wheel Wheel Hover Unit Hover Unit Utility Huge Storage Unit Device Chronowheel Storage Huge Storage Unit Processor Signal Interpreter Protection Utility Shielding Weapon Assault Rifle Energy Gun Beam Rifle Ballistic Gun Assault Rifle Launcher Grenade Launcher Impact Weapon Mace Build | -11 -10 -10 -9 -9 -9 -8 ------- Run | Yrd Mat Min Mat Min Exi Min Slots Evolved 2 | . . . 2 . . . Power . | . . . . . . . Propulsion 2 | . . . 2 . . . Utility . | . . . . . . . Weapon . | . . . . . . . Parts Attached 45 | 2 12 10 8 9 1 3 Power 4 | . 1 1 1 1 . . Engine 2 | . 1 . . 1 . . Core 2 | . . 1 1 . . . Reactor . | . . . . . . . Propulsion 18 | 2 6 3 2 3 . 2 Treads 2 | 2 . . . . . . Leg . | . . . . . . . Wheel 14 | . 4 3 2 3 . 2 Hover 2 | . 2 . . . . . Flight . | . . . . . . . Utility 8 | . 4 . 1 2 . 1 Device 1 | . . . . . . 1 Storage 2 | . 2 . . . . . Processor 1 | . 1 . . . . . Hackware . | . . . . . . . Protection 4 | . 1 . 1 2 . . Artifact . | . . . . . . . Weapon 15 | . 1 6 4 3 1 . Energy Gun 1 | . . . . 1 . . Energy Cannon . | . . . . . . . Ballistic Gun 8 | . 1 3 4 . . . Ballistic Cannon . | . . . . . . . Launcher 5 | . . 3 . 2 . . Special Weapon . | . . . . . . . Impact Weapon 1 | . . . . . 1 . Slashing Weapon . | . . . . . . . Piercing Weapon . | . . . . . . . Special Melee Weapon . | . . . . . . . Unidentified Prototypes . | . . . . . . . Parts Lost 16 | . . 1 6 5 1 3 Power 3 | . . 1 1 . . 1 Propulsion 7 | . . . 2 2 1 2 Utility 2 | . . . 1 1 . . Weapon 4 | . . . 2 2 . . Highest Loss Streak 3 | . . 1 2 2 1 3 To Critical Strikes . | . . . . . . . Average Slot Usage (%) 84 | . 99 95 73 67 84 98 Engine 6 | . 14 . . 10 11 11 Core 4 | . . 13 3 . . . Wheel 25 | . 22 24 26 20 32 42 Storage 12 | . 14 14 11 11 11 11 Processor 4 | . 1 14 6 . . . Protection 7 | . 12 . 3 10 11 10 Energy Gun 2 | . . . . 3 11 11 Ballistic Gun 12 | . 28 5 20 12 . . Launcher 5 | . . 21 . . . . Impact Weapon 1 | . . . . . 8 11 Naked Turns . | . . . . . . . Heaviest Build 98 | 11 88 91 90 98 96 96 Greatest Support 48 | 40 40 26 38 36 36 48 Greatest Overweight (x) 9 | . 4 9 8 8 3 3 Average Overweight (x) 3 | . 2 4 3 4 2 1 Largest Inventory Capacity 25 | 8 25 25 25 25 25 25 Average Capacity 24 | 8 23 25 25 25 25 25 Most Carried 25 | 7 14 25 25 24 25 25 Average Carried 20 | 6 9 19 23 22 24 23 Final Capacity 25 | 8 25 25 25 25 25 25 Final Carried 25 | 6 14 25 24 22 25 23 Class Distribution -------------------- 100% | Mutant Dominant Class ---------------- Mutant | -10/Materials Mutant | -10/Mines Mutant | -9/Materials Mutant | -9/Mines Mutant | -9/Exiles Mutant | -8/Mines Resources | -11 -10 -10 -9 -9 -9 -8 ----------- Run | Yrd Mat Min Mat Min Exi Min Matter Collected 1340 | 215 336 361 268 160 . . Remotely . | . . . . . . . Salvage Created 1115 | . 473 95 404 143 . . Parts 83 | . 33 11 30 9 . . Haulers Intercepted . | . . . . . . . Recyclers Shooed 3 | . 1 . 1 1 . . Parts Field Recycled . | . . . . . . . Retrieved Matter . | . . . . . . . Parts Self-Destructed . | . . . . . . . Prevented . | . . . . . . . Kills | -11 -10 -10 -9 -9 -9 -8 ------- Run | Yrd Mat Min Mat Min Exi Min Combat Hostiles Destroyed 33 | . 11 10 8 4 . . Guns 19 | . 9 . 8 2 . . AOE 14 | . 2 10 . 2 . . Classes Destroyed 11 | . 7 2 1 1 . . Worker 1 | . 1 . . . . . Builder 2 | . 2 . . . . . Tunneler 1 | . . 1 . . . . Recycler 3 | . 2 . 1 . . . Operator 1 | . 1 . . . . . Watcher 3 | . 2 . 1 . . . Swarmer 11 | . 6 3 2 . . . Grunt 11 | . 5 3 2 1 . . Brawler 1 | . . . . 1 . . Sentry 6 | . . . 4 2 . . Assembled 4 | . . 4 . . . . Best Kill Streak 12 | . 12 3 2 2 . . Combat Bots Only 8 | . 8 3 2 2 . . Max Kills in Single Turn 4 | . 4 2 1 1 . . Gunslinging . | . . . . . . . Exploded 2 | . 2 2 . 1 . . Melee . | . . . . . . . Uniques/NPCs Destroyed . | . . . . . . . Combat | -11 -10 -10 -9 -9 -9 -8 -------- Run | Yrd Mat Min Mat Min Exi Min Hostile Shots Fired 215 | . 39 19 66 61 12 18 Missed 56 | . 10 6 15 17 4 4 Damage Taken 2263 | . 324 279 620 672 119 249 Core 563 | . 67 96 129 165 31 75 Absorbed by Shields . | . . . . . . . Redirected to Shielding 58 | . 39 . 11 . 8 . Core Remaining (%) 67 | 100 . 34 . . . . Volleys Fired 108 | . 33 11 48 14 . 2 Largest 2 | . 2 2 2 2 . 1 Hottest 63 | . 40 60 56 63 . 56 Shots Fired 207 | . 66 22 89 28 . 2 Gun 178 | . 66 1 89 20 . 2 Cannon . | . . . . . . . Launcher 29 | . . 21 . 8 . . Special . | . . . . . . . Kinetic 176 | . 66 1 89 20 . . Thermal 2 | . . . . . . 2 Explosive 29 | . . 21 . 8 . . Electromagnetic . | . . . . . . . Robot Hit Streak 13 | . 13 4 11 6 . 3 Robot Miss Streak 4 | . 2 1 4 4 . . Penetration Max . | . . . . . . . Secondary Targets 2 | . 1 . 1 . . . Max Gunslinging Chain 1 | . 1 . 1 . . . Shots Hit Robots 122 | . 42 8 49 17 . 6 Core Hits 71 | . 26 18 18 9 . . Critical Kills . | . . . . . . . Critical Parts Destroyed 2 | . 1 . . . . 1 Critical Strikes 3 | . 1 . . . . 2 Burn 1 | . . . . . . 1 Destroy 1 | . 1 . . . . . Smash 1 | . . . . . . 1 Melee Attacks 5 | . . . . . . 5 Impact 5 | . . . . . . 5 Slashing . | . . . . . . . Piercing . | . . . . . . . Sneak Attacks . | . . . . . . . Combat Hostiles . | . . . . . . . Follow-up Attacks . | . . . . . . . Damage Inflicted 2896 | . 1074 654 704 331 . 133 Guns 1444 | . 533 11 688 183 . 29 Cannons . | . . . . . . . Explosions 1319 | . 528 643 . 148 . . Melee 104 | . . . . . . 104 Ramming 29 | . 13 . 16 . . . Kinetic 1415 | . 533 11 688 183 . . Thermal 29 | . . . . . . 29 Explosive 1319 | . 528 643 . 148 . . Electromagnetic . | . . . . . . . Impact 104 | . . . . . . 104 Slashing . | . . . . . . . Piercing . | . . . . . . . Highest Corruption 2 | . 2 2 . . 2 2 Average Corruption 1 | . 2 2 . . 1 2 Corruption Purged . | . . . . . . . Corruption Blocked . | . . . . . . . Effects 27 | . 6 17 . . . 4 Message Errors 6 | . . 6 . . . . Matter Fused 10 | . 4 5 . . . 1 Heat Flow Errors 2 | . 1 1 . . . . Energy Discharges 2 | . . 1 . . . 1 Parts Rejected 1 | . . 1 . . . . Data Loss (minor) 3 | . . 2 . . . 1 Data Loss (major) 2 | . 1 1 . . . . Alerts 1 | . . . . . . 1 Overload Shots . | . . . . . . . Overflow Damage 43 | . 22 . . . . 21 Projectiles . | . . . . . . . Explosions 22 | . 22 . . . . . Melee 21 | . . . . . . 21 Knockbacks . | . . . . . . . Impact . | . . . . . . . Kinetic . | . . . . . . . Secondary . | . . . . . . . Self-Inflicted Damage 149 | . 6 135 8 . . . Shots 6 | . . 6 . . . . Rammed 2 | . 1 . 1 . . . Targets Rammed 2 | . 1 . 1 . . . Kicked . | . . . . . . . Crushed . | . . . . . . . Highest Temperature 212 | . 144 212 13 69 . 63 Average Temperature 31 | . 46 37 2 25 . 31 Received Heat Transfer 744 | . 138 72 162 228 . 144 Siege Activations . | . . . . . . . Robots Corrupted . | . . . . . . . Combat Hostiles . | . . . . . . . Parts Fried . | . . . . . . . Impact Corruptions 1 | . . . . . . 1 Robots Melted . | . . . . . . . Combat Hostiles . | . . . . . . . Parts Melted . | . . . . . . . Heat Transferred 148 | . . . . . . 148 Parts Sabotaged . | . . . . . . . Parts Stolen . | . . . . . . . Parts Stripped . | . . . . . . . Power Chain Reactions . | . . . . . . . Alert | -11 -10 -10 -9 -9 -9 -8 ------- Run | Yrd Mat Min Mat Min Exi Min Peak Influence 467 | . 467 347 181 79 . . Initial 126 | . . 126 . 37 . . Average 101 | . 168 159 70 41 . . Maximum Alert Level 2 | . 2 1 . . . . Low Security (%) 85 | 100 62 72 100 100 . 100 Level 1 10 | . 13 27 . . . . Level 2 4 | . 23 . . . . . Level 3 . | . . . . . . . Level 4 . | . . . . . . . Level 5 . | . . . . . . . High Security . | . . . . . . . Max Security . | . . . . . . . Squads Dispatched 4 | . 3 . 1 . . . Investigation 3 | . 2 . 1 . . . Extermination . | . . . . . . . Reinforcement 1 | . 1 . . . . . Assault . | . . . . . . . Garrison . | . . . . . . . Intercept . | . . . . . . . Searches Triggered . | . . . . . . . Construction Impeded . | . . . . . . . Haulers Reinforced . | . . . . . . . Active Scanning Responses . | . . . . . . . Cargo Convoy Interrupts . | . . . . . . . Stealth | -11 -10 -10 -9 -9 -9 -8 --------- Run | Yrd Mat Min Mat Min Exi Min Distress Signals 1 | . . . 1 . . . Communications Jammed . | . . . . . . . Distress Signals . | . . . . . . . Times Spotted 50 | . 15 12 15 4 1 3 Peak Tracking Total 5 | . 5 3 3 2 1 3 Tactical Retreats 4 | . . 2 2 . . . Traps | -11 -10 -10 -9 -9 -9 -8 ------- Run | Yrd Mat Min Mat Min Exi Min Traps Triggered 2 | . 2 . . . . . Indirectly . | . . . . . . . Trap Hack Attempts . | . . . . . . . Triggered . | . . . . . . . Disarmed . | . . . . . . . Reprogrammed . | . . . . . . . Reused . | . . . . . . . Traps Extracted . | . . . . . . . Installed . | . . . . . . . Triggered . | . . . . . . . Objects Rigged 10 | . 8 . 2 . . . Exploded 2 | . 2 . . . . . Machines | -11 -10 -10 -9 -9 -9 -8 ---------- Run | Yrd Mat Min Mat Min Exi Min Machines Disabled 11 | . 5 5 1 . . . Max in Single Turn 3 | . 3 2 1 . . . Machines Repaired . | . . . . . . . Machines Dismantled . | . . . . . . . Machines Sabotaged . | . . . . . . . Overloaded Fab Kills . | . . . . . . . Hacking | -11 -10 -10 -9 -9 -9 -8 --------- Run | Yrd Mat Min Mat Min Exi Min Machines Accessed 13 | . 9 . 3 . 1 . Terminals 8 | . 6 . 2 . . . Fabricators . | . . . . . . . Repair Stations 1 | . 1 . . . . . Recycling Units 3 | . 2 . 1 . . . Scanalyzers . | . . . . . . . Garrison Access . | . . . . . . . Total Hacks 29 | . 21 . 7 . 1 . Successful 17 | . 10 . 6 . 1 . Failed 12 | . 11 . 1 . . . Catastrophic 3 | . 3 . . . . . Database Lockouts . | . . . . . . . Manual 30 | . 22 . 7 . 1 . Terminals 19 | . 14 . 5 . . . Fabricators . | . . . . . . . Repair Stations 2 | . 2 . . . . . Recycling Units 7 | . 5 . 2 . . . Scanalyzers . | . . . . . . . Garrison Access . | . . . . . . . Terminal Hacks 1 | . . . . . 1 . Derelict Proto ID Bank 1 | . . . . . 1 . Fabricator Hacks . | . . . . . . . Repair Station Hacks . | . . . . . . . Recycling Unit Hacks . | . . . . . . . Scanalyzer . | . . . . . . . Garrison Access Hacks . | . . . . . . . Unauthorized Hacks 16 | . 10 . 6 . . . Terminals 10 | . 6 . 4 . . . Track 1 | . . . 1 . . . Assimilate 1 | . 1 . . . . . Botnet 3 | . 1 . 2 . . . Detonate 3 | . 2 . 1 . . . Disrupt 1 | . 1 . . . . . Operators 1 | . 1 . . . . . Fabricators . | . . . . . . . Repair Stations 1 | . 1 . . . . . Mechanics 1 | . 1 . . . . . Recycling Units 5 | . 3 . 2 . . . Monitor 1 | . 1 . . . . . Reject 2 | . 1 . 1 . . . Recyclers 2 | . 1 . 1 . . . Scanalyzers . | . . . . . . . Garrison Access . | . . . . . . . Data Cores Recovered . | . . . . . . . Used . | . . . . . . . Hacking Detections 12 | . 9 . 3 . . . Full Trace Events 2 | . 1 . 1 . . . Feedback Events . | . . . . . . . Feedback Blocked . | . . . . . . . Robot Schematics Acquired . | . . . . . . . Robots Built . | . . . . . . . Authchips . | . . . . . . . Time . | . . . . . . . Total Robot Build Rating . | . . . . . . . Part Schematics Acquired . | . . . . . . . Parts Built . | . . . . . . . Authchips . | . . . . . . . Time . | . . . . . . . Total Part Build Rating . | . . . . . . . Parts Repaired . | . . . . . . . Time . | . . . . . . . Parts Recycled . | . . . . . . . Recycled Matter . | . . . . . . . Retrieved Matter . | . . . . . . . Retrieved Components . | . . . . . . . Parts Scanalyzed . | . . . . . . . Part Schematics Acquired . | . . . . . . . Parts Damaged . | . . . . . . . Bothacking | -11 -10 -10 -9 -9 -9 -8 ------------ Run | Yrd Mat Min Mat Min Exi Min Used RIF Installer . | . . . . . . . Robots Hacked . | . . . . . . . Non-combat . | . . . . . . . Combat . | . . . . . . . Robot Hacks Applied . | . . . . . . . Relay Couplers Released . | . . . . . . . Fabnet Peak Effective % . | . . . . . . . Robots Rewired . | . . . . . . . Allies Hacked . | . . . . . . . Hacks Repelled . | . . . . . . . Allies | -11 -10 -10 -9 -9 -9 -8 -------- Run | Yrd Mat Min Mat Min Exi Min Total Allies . | . . . . . . . Largest Group . | . . . . . . . Highest-Rated Group . | . . . . . . . Highest-Rated Ally . | . . . . . . . Total Orders . | . . . . . . . Ally Attacks . | . . . . . . . Total Damage . | . . . . . . . Kills . | . . . . . . . Allies Corrupted . | . . . . . . . Allies Melted . | . . . . . . . Intel | -11 -10 -10 -9 -9 -9 -8 ------- Run | Yrd Mat Min Mat Min Exi Min Robot Analysis Total . | . . . . . . . Derelict Logs Recovered 3 | . . 2 . 1 . . Drone Launches . | . . . . . . . Drone Recoveries . | . . . . . . . Exploration | -11 -10 -10 -9 -9 -9 -8 ------------- Run | Yrd Mat Min Mat Min Exi Min Turns Passed 5348 | 13 899 1369 897 1276 543 351 Spaces Moved 2575 | 7 473 708 343 651 297 96 Core . | . . . . . . . Treads 85 | 7 78 . . . . . Legs . | . . . . . . . Wheels 2490 | . 395 708 343 651 297 96 Hover . | . . . . . . . Flight . | . . . . . . . Fastest Speed 102 | 160 135 135 120 116 116 102 Average Speed 145 | 160 149 154 138 155 117 105 Slowest Speed 320 | 160 320 215 200 210 135 135 Overloaded Moves . | . . . . . . . Propulsion Burnouts . | . . . . . . . Robots Hopped . | . . . . . . . Cave-ins Triggered . | . . . . . . . Exploration Rate (%) 55 | 2 79 93 23 99 61 29 Regions Visited 6 Branch Regions 4 Pre-discovered Areas 1 | . . . . 1 . . Known Exits Taken 3 | . 1 1 1 . . . Unknown Exits Taken 3 | 1 . . . 1 1 . Scrap Searched 4 | . . 2 . 2 . . Spaces Dug 12 | . . 10 2 . . . Terrain Destroyed 262 | . 74 143 3 42 . . Melee . | . . . . . . . Projectile 5 | . . . 3 2 . . AOE 257 | . 74 143 . 40 . . Terrain Rammed . | . . . . . . . Walls Destroyed . | . . . . . . . Machines Disabled . | . . . . . . . Actions | -11 -10 -10 -9 -9 -9 -8 --------- Run | Yrd Mat Min Mat Min Exi Min Total 3972 | 10 602 967 679 885 492 337 Wait 1171 | . 60 216 266 208 191 230 Move 2569 | 6 472 707 342 650 296 96 Hop . | . . . . . . . Pick Up 38 | . 11 14 7 2 4 . Fast Attach 6 | . 1 1 1 3 . . Attach 31 | 2 7 7 5 6 1 3 Detach 18 | 2 7 5 1 2 . 1 Swap 8 | . 4 2 2 . . . Drop 16 | . 6 4 6 . . . Fire 108 | . 33 11 48 14 . 2 Melee 5 | . . . . . . 5 Ram 2 | . 1 . 1 . . . Kick . | . . . . . . . Crush . | . . . . . . . Escape Stasis . | . . . . . . . Rewire . | . . . . . . . Trap . | . . . . . . . Miscellaneous . | . . . . . . . Route ------- -11/Scrapyard -10/Materials (discovered 2 exits: *Mat / *Min) -10/Mines (discovered 2 exits: *Mat / *Sub) -9/Materials (discovered 3 exits: [*Mat] / *Min / *Sto) -9/Mines (discovered 3 exits: [*Mat x2] / *Exi) -9/Exiles -8/Mines History --------- Turn | Location | Event 4 | -11/Scrapyard | Discovered new exit (range 3) 14 | -11/Scrapyard | Entered Materials 288 | -10/Materials | Discovered new exit (range 15) 308 | -10/Materials | Build established: Mutant 454 | -10/Materials | Discovered new exit (range 13) 646 | -10/Materials | Destroyed 8 combat bots 911 | -10/Materials | Identified exit to Mines 913 | -10/Materials | Entered Mines 1090 | -10/Mines | Assembled infested the area 1095 | -10/Mines | Assisted by a Guerilla fighting off Assembled 1199 | -10/Mines | Learned Materials non-interactive machine intel 1275 | -10/Mines | Received a Rocket Launcher from a helpful Derelict 1373 | -10/Mines | Discovered new exit (range 6) 1378 | -10/Mines | Identified exit to Materials 1421 | -10/Mines | Met a Derelict testing a Signal Generator 1426 | -10/Mines | Found Signal Generator 1801 | -10/Mines | Learned Materials trap positions 1811 | -10/Mines | A weapon hastily lodged in a ceiling crevice suddenly fell to the ground 1850 | -10/Mines | Core integrity fell below 50% 2208 | -10/Mines | Discovered new exit (range 4) 2212 | -10/Mines | Identified exit to Subcaves 2282 | -10/Mines | Entered Materials 2282 | -9/Materials | Evolved 2 slots: Propulsion x2 2283 | -9/Materials | Loaded intel: 22 trap records 2284 | -9/Materials | Loaded intel: 48 non-interactive machine locations 2579 | -9/Materials | Discovered new exit (range 6) 2634 | -9/Materials | Identified exit to Storage 2653 | -9/Materials | Discovered new exit (range 6) 2659 | -9/Materials | Identified exit to Mines 3096 | -9/Materials | Discovered new exit (range 3) 3179 | -9/Materials | Entered Mines 3182 | -9/Mines | Discovered new exit (range 3) 3622 | -9/Mines | Learned location of Storage (-9) 3934 | -9/Mines | Core integrity fell below 50% 4179 | -9/Mines | YI-UF0 nonchalantly dropped a Grenade Launcher on the ground 4421 | -9/Mines | Discovered new exit (range 9) 4448 | -9/Mines | Deemed a non-threat by the Exiles lab entrance 4449 | -9/Mines | Discovered new exit (range 5) 4455 | -9/Mines | Entered Exiles 4491 | -9/Exiles | Met 8R-AWN 4508 | -9/Exiles | Met EX-HEX 4541 | -9/Exiles | Met EX-BIN 4554 | -9/Exiles | Aligned with FarCom system 4556 | -9/Exiles | Given EX-Vault access code 4586 | -9/Exiles | Opened EX-Vault 4594 | -9/Exiles | Found Chronowheel 4617 | -9/Exiles | Warned to stay clear of 0b10 Research branches 4635 | -9/Exiles | Exiles lab attacked by MAIN.C 4727 | -9/Exiles | Discovered new exit (range 14) 4990 | -9/Exiles | Core integrity fell below 20% 4998 | -9/Exiles | Left Exiles lab with Chronowheel 4998 | -9/Exiles | Entered Mines 5332 | -8/Mines | Activated Chronowheel 5349 | -8/Mines | Destroyed by G-50 Soldier with Heavy Laser Last Messages --------------- 05335_ Wheel destroyed. 05335_ U-05 Engineer lays Concrete. 05336_ System corrupted: Component data lost. 05336_ U-05 Engineer lays Concrete. 05338_ T-07 Excavator is excavating. 05338_ U-05 Engineer builds a Wall. 05341_ Critical hit (Burn: +37). 05341_ T-07 Excavator is excavating. 05342_ U-05 Engineer lays Concrete. 05342_ G-47 Trooper suffers critical hit (Smash). 05342_ Destroyed Particle Gun. 05342_ G-47 Trooper system corrupted by crushing effect. 05343_ U-05 Engineer lays Concrete. 05344_ Rnf. Ion Engine destroyed. 05344_ K-01 Serf collects debris. 05345_ U-05 Engineer builds a Wall. 05345_ Com. Wheel destroyed. 05346_ T-07 Excavator is excavating. 05349_ K-01 Serf collects debris. 05349_ U-05 Engineer builds a Wall. Map ----- +----------------------------------------------------+ | ?????????????????????????????????# ## ####?? | | ???????????????????????#####??????# ### | | ?????????????????????### ##?????# | | ????????????????????## #????## | | ????????????????????# #????# | | ????????????????????# """ ##????# | | ????????????????????# """ #?????# ## | | ????????????????????## """ ##????# #### | | ?????????????????????# ##???# ##??# | | ?????????????????????# ##??# ###### | | ?????????????????????# #??# ## | | ?????????????????????## #??## #### ### | | ??????????????????????### #???## #??# #?### | | ????????????????????????## ##????# #### #???## | | ?????????????????????????## ##???### #????## | | ??????????????????????????# #????# #### ####### | | ??????????????????????????# ###### ##??# | | ??????????????###??######## #???######### | | ?????????????? # ######## #???????????## | | ????????????? ####### #????????????? | | ????????????????# #????????????? | | ????????????????# ##???????????? | | ????????????????# ## ### ##??????????? | | ????????????????# ?????## g ##?# #??????????? | | ???????????????????????###g###??# #??????????? | | ??????????????????????## @ g##??## ##??????????? | | ??????????????????????# k%[ ##??#####???????????? | | ??????????????????????# = #??????????????????? | | ??????????????????????## #?????????????????? | | ???????????????????????### #????????????????? | | ?????????????????????????## #????????????????? | | ??????????????????????????? #???????????????? | | ???????????????????????????u t##???????????????? | | ???????????????????????????# #????????????????? | | ????????????????????????????#####????????????????? | | ?????????????????????????????????????????????????? | | ?????????????????????????????????????????????????? | | ?????????????????????????????????????????????????? | | ?????????????????????????????????????????????????? | | ?????????????????????????????????????????????????? | | ?????????????????????????????????????????????????? | | ?????????????????????????????????????????????????? | | ?????????????????????????????????????????????????? | | ?????????????????????????????????????????????????? | | ?????????????????????????????????????????????????? | | ?????????????????????????????????????????????????? | | ?????????????????????????????????????????????????? | | ?????????????????????????????????????????????????? | | ?????????????????????????????????????????????????? | | ?????????????????????????????????????????????????? | +----------------------------------------------------+ Best States ------------- Heat Dissipation 28 Energy Generation 14 Energy Capacity 265 Matter Stores 300 Matter Capacity 300 Sight Range 16 Terrain Scan Density 10 Armor Coverage 150 Utility Shielding 33 Weapon Shielding 33 Evasion (%) 40 Recoil Reduction 2 Item Schematics ----------------- None Robot Schematics ------------------ None Fabricated ------------ Nothing Alien Tech Used ----------------- None Achievements -------------- None Challenges ------------ None Game ------ Seed StasisMiningBooster Manual? 0 Play Time 00:29:02 Cumulative 34.6 hours Start 2024.04.15 @ 01:08:10 End 2024.04.15 @ 01:42:44 Sessions 1 Manual Loads 0 Difficulty Rogue Special Mode None Game No. 51 Rogue 50 Adventurer 1 Explorer 0 Win Type - Total 1 Types 1/0/0/0/0/0/0/0/0 Lore% 23 Gallery% 44 Achievement% 35 Wizard Run 0 Options --------- Layout 0 ASCII 0 Keyboard 0 Movement Numpad Keybinds 0 Fullscreen 1 Font 18/SmallcapsGlow Map View 76x50 Zoom Use 0% Tactical HUD 1 Map Filters NONE Filters NONE Steam 1 RUN: ddeca4bf-64fe-45db-ae0b-59b4d9bb1649